 Dungeon Crawl Stone Soup version 0.31-a0-1620-gcbf77bbcfc (webtiles) character file.

Game seed: 2074587380421005332

654415 TotoRNA the Slayer (level 27, -26/282 HPs)
             Began as an Octopode Shapeshifter on Jan 7, 2024.
             Was an Initiate of Gozag.
             Killed from afar by an orb of fire (29 damage)
             ... with a fireball
             ... on level 5 of the Realm of Zot on Jan 11, 2024.
             The game lasted 06:18:52 (93267 turns).

TotoRNA the Slayer (Octopode Shapeshifter)         Turns: 93267, Time: 06:18:52

Health: -26/282    AC: 46    Str: 25    XL:     27
Magic:  0/48       EV: 13    Int: 26    God:    Gozag
Gold:   3924       SH: 33    Dex: 19    Spells: 7/50 levels left

rFire   . .          .
                       - Unarmed
rCold   + . .        i - +18 shield of the Gong {Loud rN+ Will+ rCorr EV-5}
rNeg    + + +        G - +2 hat {Will+}
rPois   ∞            h - amulet of guardian spirit
rElec   +            N - ring "Podd" {rC+ rN+ rCorr MP+9}
rCorr   +            v - ring of the Tortoise {AC+8}
SInv    +            w - ring of Zeoruag {rPois Will- Str+3 Slay+3 SInv}
Will    +++..        m - ring of Qashreuz {AC+4 Dex+6}
Stlth   +++++        u - +6 ring of strength
HPRegen 0.67/turn    k - ring "Emevicku" {rPois Int+6}
MPRegen 0.31/turn    b - ring "Luhewoeh" {rF+ rN+}
                     I - ring of the Mage {Wiz Archmagi}

%: guardian spirit, wizardry (x1), archmagi
@: statue-form, very slightly contaminated, studying Axes, very slow
A: slow and powerful, torment resistance 1, boosted hp, almost no armour,
amphibious, 8 rings, camouflage 1, (gelatinous body 1), (nimble swimmer 1),
tentacles, (iridescent scales 2), clumsy 1, deterioration 1, wild magic 1, heat
vulnerability 1, inability to drink after injury 1
}: 4/15 runes: decaying, serpentine, silver, abyssal
a: Begin Untransformation, Renounce Religion, Potion Petition, Call Merchant,
Bribe Branch


You were on level 5 of the Realm of Zot.
You worshipped Gozag.
Gozag was most pleased with you.
You were a living statue of rough stone.
You visited 10 branches of the dungeon, and saw 48 of its levels.
You visited the Abyss 5 times.

You collected 29874 gold pieces.
You spent 13021 gold pieces at shops.
You paid 12929 gold pieces to Gozag.

Inventory:

Armour
 i - the +18 shield of the Gong (worn) {Loud rN+ Will+ rCorr EV-5}
   (You found it on level 3 of the Elven Halls)

   Loud:      It is deafeningly noisy when blocking attacks.
   EV-5:      It affects your evasion (-5).
   rN+:       It protects you from negative energy.
   Will+:     It increases your willpower.
   rCorr:     It protects you from acid and corrosion.
 E - the +2 shield of Resistance {rF++ rC++ Will++}
   (You bought it in a shop on level 2 of the Orcish Mines)

   rF++:      It greatly protects you from fire.
   rC++:      It greatly protects you from cold.
   Will++:    It greatly increases your willpower.
 G - a +2 hat of willpower (worn)
Jewellery
 b - the ring "Luhewoeh" (on tentacle) {rF+ rN+}
   (You found it on level 2 of the Depths)

   [ring of protection from fire]

   rF+:       It protects you from fire.
   rN+:       It protects you from negative energy.
 c - the amulet of the Four Winds {rN+ Will+++ Clar}
   (You took it off a deep elf zephyrmancer on level 3 of the Elven Halls)

   [amulet of nothing]

   rN+:       It protects you from negative energy.
   Will+++:   It greatly increases your willpower.
   Clar:      It protects you from confusion, rage, mesmerisation and fear.
 h - an amulet of guardian spirit (around mantle)
 k - the ring "Emevicku" (on tentacle) {rPois Int+6}
   (You acquired it on level 4 of the Dungeon)

   [ring of intelligence]

   Int+6:     It affects your intelligence (+6).
   rPois:     It protects you from poison
 l - a ring of see invisible
 m - the ring of Qashreuz (on tentacle) {AC+4 Dex+6}
   (You found it on level 2 of the Dungeon)

   [ring of protection]

   AC+4:      It affects your AC (+4).
   Dex+6:     It affects your dexterity (+6).
 o - an amulet of reflection
 s - a +4 ring of slaying
 u - a +6 ring of strength (on tentacle)
 v - the ring of the Tortoise (right tentacle) {AC+8}
   (You found it on level 4 of the Vaults)

   [ring of protection]

   AC+8:      It affects your AC (+8).
 w - the ring of Zeoruag (on tentacle) {rPois Will- Str+3 Slay+3 SInv}
   (You bought it in a shop on level 4 of the Snake Pit)

   [ring of see invisible]

   Str+3:     It affects your strength (+3).
   Slay+3:    It affects your accuracy & damage with ranged weapons and melee
   (+3).
   rPois:     It protects you from poison Will-: It decreases your willpower.
   SInv:      It lets you see invisible.
 B - the amulet of Etupnosh {rC+ rN++ Regen+ Dex+2}
   (You found it on level 1 of the Depths)

   [amulet of regeneration]

   Dex+2:     It affects your dexterity (+2).
   rC+:       It protects you from cold.
   rN++:      It greatly protects you from negative energy.
   Regen+:    It increases your rate of health regeneration.
 D - a ring of flight
 I - the ring of the Mage (on tentacle) {Wiz Archmagi}
   (You found it on level 13 of the Dungeon)

   [ring of wizardry]

   Wiz:       It improves your spell success rate.
   Archmagi:  It increases the power of your magical spells.
 N - the ring "Podd" (left tentacle) {rC+ rN+ rCorr MP+9}
   (You bought it in a shop on level 4 of the Snake Pit)

   [ring of magical power]

   rC+:       It protects you from cold.
   rN+:       It protects you from negative energy.
   MP+9:      It affects your magic capacity (+9).
   rCorr:     It protects you from acid and corrosion.
 P - the ring "Qoepsuuh" {rN+ Int+2}
   (You bought it in a shop on level 2 of the Swamp)

   [ring of positive energy]

   Int+2:     It affects your intelligence (+2).
   rN+:       It protects you from negative energy.
 V - a ring of wizardry
Talismans
 d - a granite talisman (active)
 g - a dragon-blood talisman
 x - a talisman of death
Wands
 a - a wand of mindburst (29)
 e - a wand of acid (34)
 p - a wand of roots (42)
 S - a wand of paralysis (52)
 T - a wand of digging (24)
Scrolls
 f - a scroll of fear
 j - 15 scrolls of teleportation
 y - 5 scrolls of blinking
 F - 3 scrolls of revelation
 H - 7 scrolls of enchant armour
 K - 9 scrolls of fog
 Q - 9 scrolls of immolation
 W - 3 scrolls of poison
 Z - 7 scrolls of amnesia
Potions
 n - 7 potions of resistance
 q - 4 potions of berserk rage
 r - 4 potions of lignification
 t - a potion of mutation
 A - 8 potions of enlightenment
 C - 8 potions of haste
 J - 6 potions of heal wounds
 L - 11 potions of curing
 M - 20 potions of ambrosia
 O - 4 potions of invisibility
 X - 5 potions of brilliance
 Y - 7 potions of might
Miscellaneous
 z - a phial of floods
 R - a lightning rod (4/4)
 U - a sack of spiders


   Skills:
 + Level 25.1 Fighting
 - Level 9.7 Dodging
 - Level 8.4 Stealth
 - Level 16.0 Shields
 - Level 14.0 Unarmed Combat
 - Level 12.2 Spellcasting
 - Level 12.0 Conjurations
 - Level 16.0 Hexes
 - Level 9.8 Translocations
 * Level 13.1 Fire Magic
 - Level 14.6 Alchemy
 - Level 3.2 Evocations
 + Level 20.6 Shapeshifting


You had 7 spell levels left.
You knew the following spells:

 Your Spells              Type           Power      Damage    Failure   Level
a - Blink                 Tloc           100%       N/A       1%          2
b - Alistair's Intoxicat  Alch           72%        N/A       1%          5
c - Apportation           Tloc           100%       N/A       1%          1
d - Teleport Other        Tloc           92%        N/A       1%          3
e - Ignite Poison         Fire/Alch      100%       N/A       1%          4
f - Eringya's Noxious Bo  Alch           54%        4d6       1%          6
g - Yara's Violent Unrav  Hex/Alch       56%        3d21      1%          5
h - Irradiate             Conj/Alch      52%        3d29      1%          5
i - Enfeeble              Hex            57%        N/A       4%          7
j - Fireball              Conj/Fire      51%        3d20      1%          5

Your spell library contained the following spells:

 Spells                   Type           Power      Damage    Failure   Level
 Kiss of Death            Conj/Necr      100%       2d13      1%          1
 Magic Dart               Conj           100%       1d8       1%          1
 Shock                    Conj/Air       100%       1d9       1%          1
 Sting                    Conj/Alch      100%       1d9       1%          1
 Cigotuvi's Dreadful Rot  Necr/Alch/Air  100%       N/A       1%          2
 Ensorcelled Hibernation  Hex/Ice        100%       N/A       1%          2
 Jinxbite                 Hex            100%       N/A       1%          2
 Lesser Beckoning         Tloc           100%       N/A       1%          2
 Mercury Vapours          Alch/Air       100%       N/A       1%          2
 Momentum Strike          Conj/Tloc      100%       3d10      1%          2
 Scorch                   Fire           100%       2d9       1%          2
 Searing Ray              Conj           100%       2d8       1%          2
 Static Discharge         Conj/Air       100%       3-8/arc   1%          2
 Confusing Touch          Hex            100%       N/A       1%          3
 Dazzling Flash           Conj/Hex       100%       N/A       1%          3
 Gell's Gravitas          Tloc           92%        N/A       1%          3
 Hailstorm                Conj/Ice       75%        3d13      1%          3
 Inner Flame              Hex/Fire       100%       N/A       1%          3
 Mephitic Cloud           Conj/Alch/Air  88%        N/A       1%          3
 Sigil of Binding         Hex            100%       N/A       1%          3
 Volatile Blastmotes      Fire/Tloc      100%       2d18      1%          3
 Anguish                  Hex/Necr       42%        N/A       1%          4
 Cause Fear               Hex            57%        N/A       1%          4
 Dimensional Bullseye     Hex/Tloc       52%        N/A       1%          4
 Flame Wave               Conj/Fire      100%       2d21      1%          4
 Fulminant Prism          Conj/Alch      52%        3d23      1%          4
 Iskenderun's Mystic Bla  Conj/Tloc      97%        2d19      1%          4
 Leda's Liquefaction      Alch/Erth      40%        N/A       1%          4
 Olgreb's Toxic Radiance  Alch           100%       N/A       1%          4
 Passage of Golubria      Tloc           92%        N/A       1%          4
 Petrify                  Alch/Erth      81%        N/A       1%          4
 Sticky Flame             Fire/Alch      100%       2d15      1%          4
 Iskenderun's Battlesphe  Conj           100%       2d15      1%          5
 Sandblast                Erth           62%        2d14      3%          1
 Metabolic Englaciation   Hex/Ice        42%        N/A       3%          5
 Silence                  Hex/Air        42%        N/A       3%          5
 Starburst                Conj/Fire      51%        6d14      3%          6
 Call Imp                 Summ           62%        N/A       4%          2
 Vhi's Electric Charge    Tloc/Air       100%       N/A       4%          4
 Arcjolt                  Conj/Air       37%        1d47      7%          5
 Call Canine Familiar     Summ           31%        N/A       9%          3
 Frozen Ramparts          Ice            62%        1d10      9%          3
 Fugue of the Fallen      Necr           31%        N/A       9%          3
 Ozocubu's Armour         Ice            31%        N/A       9%          3
 Passwall                 Erth           31%        N/A       9%          3
 Summon Ice Beast         Ice/Summ       31%        N/A       9%          3
 Swiftness                Air            31%        N/A       9%          3
 Dispersal                Tloc           46%        N/A       9%          6
 Freezing Cloud           Conj/Ice/Air   32%        6-21      16%         5
 Sculpt Simulacrum        Ice/Alch       40%        N/A       21%         6
 Airstrike                Air            15%        2d(3-19)  26%         4
 Dispel Undead            Necr           31%        3d14      26%         4
 Martyr's Knell           Necr/Summ      31%        N/A       26%         4
 Summon Lightning Spire   Summ/Air       31%        N/A       26%         4
 Bombard                  Conj/Erth      37%        9d7       32%         6
 Borgnjor's Vile Clutch   Necr/Erth      15%        N/A       54%         5
 Curse of Agony           Necr           31%        N/A       54%         5
 Lee's Rapid Deconstruct  Erth           15%        3d10*     54%         5
 Spellforged Servitor     Conj/Summ      37%        N/A       85%         7
 Death Channel            Necr           15%        N/A       97%         6
 Summon Cactus Giant      Summ           15%        N/A       97%         6
 Summon Hydra             Summ           15%        N/A       100%        7
 Ignition                 Fire           52%        3d14      56%         8
 Lehudib's Crystal Spear  Conj/Erth      37%        10d9      100%        8
 Maxwell's Capacitive Co  Air            15%        ∞         100%        8
 Dragon's Call            Summ           15%        N/A       100%        9
 Fire Storm               Conj/Fire      51%        8d13      100%        9
 Polar Vortex             Ice            15%        12d2*     100%        9
 Shatter                  Erth           15%        3d15*     100%        9
 Sublimation of Blood     Necr           Unusable   N/A       N/A         2
 Animate Armour           Summ/Erth      Unusable   N/A       N/A         4

Dungeon Overview and Level Annotations

Branches:
Dungeon (15/15)            Temple (1/1) D:6            Lair (5/5) D:10
  Swamp (4/4) Lair:3        Snake (4/4) Lair:2        Slime (0/5) Lair:5
    Orc (2/2) D:12            Elf (3/3) Orc:2        Vaults (5/5) D:14
  Crypt (0/3) Vaults:3     Depths (4/4) D:15            Zot (5/5) Depths:4

Altars:
Ashenzari
Cheibriados
Dithmenos
Elyvilon
Fedhas
Gozag
Hepliaklqana
Kikubaaqudgha
Makhleb
Nemelex Xobeh
Okawaru
Qazlal
Ru
Sif Muna
Trog
Uskayaw
Vehumet
Wu Jian
Xom
Yredelemnul
Zin
The Shining One
Lugonu

Shops:
D:4 ((   D:12 *   Orc:1 *   Orc:2 ([[(   Elf:1 :   Elf:3 (*???   Lair:5 ?
Swamp:2 =   Snake:4 ==   Vaults:2 !   Vaults:3 (   Vaults:4 *[

Portals:
Hell: Depths:1 Depths:2 Depths:3 Depths:4
Abyss: Lair:5 Depths:3 Depths:4
Pandemonium: Depths:2
Ziggurat: Depths:3

Annotations:
Lair:1 exclusion: downstairs
Depths:4 3 runed translucent doors, Ceed's ghost, adept MfGl
Zot:1 2 transporters, exclusion: obsidian statue
Zot:2 Tiamat


Innate Abilities, Weirdness & Mutations

You are a living statue of rough stone.
Your actions are slow, but your melee attacks are powerful.
You are resistant to unholy torment.
Your maximum health is greatly increased.
You cannot wear most types of armour.
You are amphibious.
You can wear up to eight rings at the same time.
You are immune to poison.
Your skin changes colour to match your surroundings (Stealth+).
((Your rubbery body absorbs attacks. (AC +1, EV +1)))
((You are camouflaged when in or above water. (Stealth+)))
You have tentacles for arms and can constrict up to eight enemies at once.
((You are mostly covered in iridescent scales. (AC +4)))
You are clumsy. (Dex -2)
Your body sometimes deteriorates upon taking damage.
Your spells are a little harder to cast, but a little more powerful.
You are vulnerable to heat. (rF-)
You occasionally lose the ability to drink potions when taking damage.


Message History

Unknown command.
Unknown command.
The orb of fire falters for a moment. x2
You closely miss the orb of fire. You squeeze the orb of fire!
The orb of fire is lightly damaged.
The orb of fire falters for a moment.
You batter the orb of fire!! Your squeeze misses the orb of fire.
The orb of fire is lightly damaged.
The orb of fire emits a lurid red light.
The bolt of fire hits you!!
You bludgeon the orb of fire!
You squeeze the orb of fire, but do no damage.
The orb of fire is moderately damaged.
The orb of fire glows deep purple.
The bolt of fire hits you!!!
The orb of fire glows yellow.
The fireball explodes!
The fireball engulfs you!!!
The fireball engulfs the orb of fire.
The orb of fire completely resists.
The orb of fire glows red.
The bolt of fire hits you!
* * * LOW HITPOINT WARNING * * *
You hear a roar!
You batter the orb of fire!!
You squeeze the orb of fire, but do no damage.
The orb of fire is heavily damaged.
The orb of fire's magic is no longer disrupted.
Unknown command.
You barely miss the orb of fire.
The orb of fire is heavily damaged.
You feel yourself speed up.
The orb of fire glows deep purple.
The fireball explodes!
The fireball engulfs you!!!!
* * * LOW HITPOINT WARNING * * *
The fireball engulfs the orb of fire.
The orb of fire completely resists.
You barely miss the orb of fire.
The orb of fire is heavily damaged.
The orb of fire glows deep purple.
The fireball explodes!
The fireball engulfs you!!
You die...
Your body crumbles into a pile of gold.

,,***,,^,,,,***,,,,,^,,,,,,,,,,,,
,,* ********* *^,,,,,,,,,,,,,,,,,
,** **,,,,,,,,,,,,,,,,, **
***,,,,^,,,,,,,,,,
****,,,,^,,,,,,, *
#▓▓▓▓▓▓▓▓▓▓▓##,,, ##*
###...^.........,,, ..#*
##....##$$.......,,,
.^.###########.*8###..........,,,
#...............###.........^.,,,
*#..^..*.......## #..dq......^,,,
#.............# #....$......^,,
##..........)##▓▓#....$....^.,,,
#/....).....#▓▓▓#...$$......,,,
##...........##▓▓#.°....*....,,,
#..........)..#▓▓##..........,,,
*#.............##▓ ##.*.......,,,


You could see an orb of fire.

Vanquished Creatures
  3 dread liches
  7 orbs of fire
  An ancient lich (Vaults:5)
  Mara (Depths:2)
  A juggernaut (Depths:2)
  Sojobo (Depths:3)
  A caustic shrike (Depths:2)
  Bai Suzhen (Elf:3)
  4 Killer Klowns
  3 curse toes
  11 golden dragons
  Norris (Elf:3)
  5 bone dragons
  4 electric golems
  Jorgrun (Swamp:2)
  Mlioglotl (Snake:2)
  17 tentacled monstrosities
  3 liches
  A shard shrike skeleton (Abyss:3)
  6 titans
  5 deep elf blademasters
  2 deep elf master archers (Elf:3)
  7 Orb Guardians (Zot:5)
  2 quicksilver dragons
  2 Executioners (Abyss:3)
  10 tentacled starspawn
  4 sphinxes
  An ancient champion (Vaults:3)
  Kirke (D:14)
  5 death cobs
  11 storm dragons
  12 tengu reavers
  A thorn hunter (Swamp:4)
  5 shadow dragons
  9 nagarajas
  2 fenstrider witches
  6 protean progenitors
  5 draconian knights
  A daeva (Abyss:2)
  8 iron dragons
  9 draconian monks
  3 draconian shifters
  21 vault wardens
  10 frost giants
  8 draconian scorchers
  3 fire giants
  2 ghost moths (Zot:4)
  A balrug (Abyss:3)
  5 deep elf elementalists (Elf:3)
  An orc warlord (Vaults:4)
  A reaper (Abyss:3)
  14 deep elf sorcerers
  4 draconian annihilators
  2 spriggan defenders
  2 draconian stormcallers
  20 very ugly things
  20 stone giants
  2 vampire knights
  8 ironbound thunderhulks
  15 ironbound preservers
  A formless jellyfish (Vaults:4)
  13 black draconians
  14 deep elf demonologists
  8 green draconians
  9 deep elf annihilators
  3 lorocyprocas
  5 eleionomae
  6 deep elf death magi
  10 dire elephants
  9 white draconians
  9 bunyips
  10 purple draconians
  A war gargoyle (Vaults:3)
  9 red draconians
  9 yellow draconians
  4 spark wasps
  The ghost of Tofuof the Spry, a journeyman FeSu of Gozag (Snake:4)
  2 crystal guardians (Vaults:4)
  A blizzard demon (Depths:2)
  An eidolon (Abyss:3)
  6 deep elf high priests
  10 ettins
  Josephine (Lair:3)
  2 entropy weavers
  2 shambling mangroves (Swamp:4)
  10 fire dragons
  A merfolk impaler (Depths:4)
  14 yaktaur captains
  5 great orbs of eyes
  5 rakshasas
  A caustic shrike simulacrum (Depths:1)
  19 hydras
  3 peacekeepers
  10 ice dragons
  A hell beast (Depths:1)
  The ghost of Nuriomm the Thaumaturge, a journeyman GnWn of Cheibriados (Lair:2)
  Fannar (Lair:2)
  9 anacondas
  8 spriggan air magi
  14 ironbound frosthearts
  A death knight (D:13)
  32 vault guards
  2 radroaches (Zot:3)
  7 salamander tyrants
  6 ogre magi
  16 centaur warriors
  3 boulder beetles
  4 ghost crabs
  3 satyrs
  27 dancing weapons
  A spriggan skeleton (Abyss:3)
  6 death yaks
  17 two-headed ogres
  11 alligators
  4 deep troll shamans
  7 thrashing horrors
  A vampire mage (Vaults:3)
  18 naga warriors
  5 hell hogs
  5 deep troll earth magi
  3 spriggan berserkers
  12 naga sharpshooters
  5 tengu warriors
  An occultist (Depths:1)
  5 shock serpents
  18 hell knights
  Nergalle (D:10)
  7 wretched stars
  A storm dragon zombie (D:15)
  An iron troll (Depths:1)
  4 soul eaters (Depths:1)
  4 sun demons (Depths:1)
  5 skysharks
  A storm dragon skeleton (D:15)
  10 skeletal warriors
  16 deep elf knights
  4 salamander mystics
  2 sixfirhies
  31 large abominations
  A shining eye (shapeshifter) (Vaults:5)
  2 spriggan druids
  An orb spider (shapeshifter) (Depths:4)
  A glowing orange brain (shapeshifter) (Vaults:1)
  45 deep trolls
  A shadow demon (Abyss:2)
  5 goliath frogs
  10 glowing orange brains
  6 naga ritualists
  12 swamp dragons
  7 mana vipers
  4 flayed ghosts
  10 arcanists
  6 bog bodies
  2 orange crystal statues (Abyss:3)
  Pikel (D:7)
  9 deep elf archers
  3 necromancers
  6 phantasmal warriors
  59 starcursed masses
  A steelbarb worm (shapeshifter) (Vaults:4)
  20 ironbound convokers
  8 harpies
  33 deep elf pyromancers
  24 deep elf zephyrmancers
  A sea snake (shapeshifter) (Vaults:1)
  3 orc sorcerers (Orc:1)
  8 orc knights
  A wolf spider (shapeshifter) (Vaults:4)
  17 lindwurms
  52 ugly things
  5 manticores
  3 worldbinders
  13 elephants
  18 cyclopes
  A tengu skeleton (Abyss:3)
  A glowing shapeshifter (Depths:4)
  5 will-o-the-wisps
  21 salamanders
  Maurice (D:8)
  An alligator skeleton (Abyss:2)
  3 meliai
  A fire giant skeleton (Depths:1)
  34 black mambas
  31 moths of wrath
  A kobold blastminer (Orc:1)
  3 apocalypse crabs (Abyss:3)
  An eye of devastation (shapeshifter) (Depths:2)
  A water nymph (shapeshifter) (Depths:2)
  3 guardian serpents
  2 rust devils
  11 smoke demons
  19 vault sentinels
  13 naga magi
  An unseen horror (shapeshifter) (Lair:5)
  A gargoyle (D:12)
  10 cane toads
  14 komodo dragons
  26 yaktaurs
  6 unseen horrors
  3 kobold demonologists
  3 efreet
  6 freezing wraiths
  6 tengu conjurers
  A tormentor (Abyss:2)
  6 rime drakes
  An ice devil (Abyss:3)
  8 ancient zymes
  A merfolk (shapeshifter) (Vaults:4)
  The ghost of Sapher the Covert, a novice SpDe (Lair:5)
  A troll (shapeshifter) (Abyss:2)
  20 hornets
  9 tyrant leeches
  A red devil (Abyss:3)
  A queen bee (Lair:2)
  13 trolls
  2 polar bears (Lair:4)
  3 hellwings
  A tarantella (shapeshifter) (Vaults:1)
  11 raiju
  4 glass eyes
  2 spriggan zombies
  31 blink frogs
  A glass eye (shapeshifter) (Vaults:1)
  A fire dragon skeleton (Abyss:2)
  3 dream sheep
  3 air elementals
  22 slime creatures
  Sigmund (D:3)
  A shadow (Abyss:2)
  A yak (shapeshifter) (D:13)
  9 spriggans
  A spriggan (shapeshifter) (Elf:1)
  2 wyverns
  4 vampires
  7 water elementals
  A hog (D:14)
  4 basilisks
  8 wraiths
  38 yaks
  9 ynoxinuls
  3 redbacks (Vaults:2)
  A death yak simulacrum (Lair:5)
  2 redbacks (shapeshifter)
  8 vampire mosquitoes
  6 neqoxecs
  A warg (Orc:1)
  14 swamp worms
  A steam dragon (D:7)
  A catoblepas simulacrum (Lair:5)
  A harpy simulacrum (Abyss:2)
  43 nagas
  2 swamp worms (shapeshifter)
  13 chaos spawn
  15 water moccasins
  2 acid dragons
  5 hell hounds
  Duvessa (D:5)
  A hydra simulacrum (Lair:5)
  3 sky beasts
  9 laughing skulls
  4 swamp drakes (Swamp:4)
  An ice beast (shapeshifter) (Abyss:3)
  A boulder beetle simulacrum (Lair:5)
  19 orc warriors
  2 spriggan simulacra (Depths:1)
  A black bear (shapeshifter) (D:14)
  22 ogres
  A swamp dragon zombie (Abyss:2)
  A black mamba simulacrum (Lair:5)
  24 wolves
  11 centaurs
  2 phantoms
  13 kobold brigands
  2 weeping skulls (Abyss:3)
  10 bullfrogs
  3 gnoll sergeants
  A scorpion (shapeshifter) (Depths:3)
  2 earth elementals
  33 small abominations
  5 wights
  Dowan (D:5)
  28 killer bees
  2 dream sheep simulacra (Lair:5)
  An electric eel (Elf:3)
  2 howler monkeys (D:7)
  2 bombardier beetles (D:5)
  A lava snake (D:11)
  5 hounds
  2 quasits (Abyss:2)
  15 orc priests
  4 jellies
  Crazy Yiuf (D:5)
  7 iguanas
  An iron imp (Abyss:3)
  2 sleepcaps
  22 orc wizards
  5 hell rats (Lair:1)
  19 gnolls
  5 adders
  3 white imps
  6 ufetubi
  2 dart slugs
  2 ribbon worms
  54 orcs
  6 endoplasms
  4 giant cockroaches
  9 goblins
  9 hobgoblins
  13 jackals
  3 quokkas
  3 training dummies (D:4)
  6 ball pythons
  4 bats
  4 frilled lizards
  14 kobolds
  6 rats
  An aspiring flesh (Depths:4)
  A butterfly (Lair:1)
  A lurking horror (Abyss:3)
  14 starspawn tentacles
2318 creatures vanquished.

Vanquished Creatures (collateral kills)
  An ironbound preserver (Vaults:3)
1 creature vanquished.

Vanquished Creatures (others)
  A draconian monk (Zot:2)
  A fire giant (Depths:2)
  A rakshasa (Depths:3)
  A hydra (Swamp:4)
  A vampire mage (Vaults:3)
  A deep elf knight (Elf:1)
  A deep elf pyromancer (Elf:1)
  A deep elf zephyrmancer (Elf:3)
  A rust devil (Abyss:3)
  An orange demon (Abyss:3)
  A bloated husk (Swamp:3)
  A human (D:14)
  A spriggan (Swamp:3)
  A swamp drake (Swamp:3)
  A small abomination (Abyss:3)
  An electric eel (Elf:3)
  An orc wizard (Vaults:5)
  An orc (D:7)
  A quokka (D:3)
  3 ball lightnings (Elf:1)
  24 foxfires
  3 lurking horrors (Abyss:3)
  20 starspawn tentacles
69 creatures vanquished.

Grand Total: 2388 creatures vanquished

Notes
Turn   | Place    | Note
-------+----------+-------------------------------------------
     0 | D:1      | TotoRNA the Octopode Shapeshifter began the quest for the
                  | Orb.
     0 | D:1      | Reached XP level 1. HP: 13/13 MP: 1/1
    56 | D:1      | Reached skill level 1 in Stealth
   210 | D:1      | Reached XP level 2. HP: 17/18 MP: 2/2
   535 | D:1      | Reached XP level 3. HP: 24/24 MP: 3/3
   894 | D:2      | Identified the ring of Qashreuz {AC+4 Dex+6}
   997 | D:2      | Reached skill level 2 in Fighting
  1599 | D:3      | Noticed Sigmund
  1616 | D:3      | Killed Sigmund
  1617 | D:3      | Reached skill level 3 in Fighting
  1617 | D:3      | Reached XP level 4. HP: 31/31 MP: 4/4
  1617 | D:3      | Reached XP level 5. HP: 36/36 MP: 5/5
  1911 | D:3      | Found a white marble altar of Elyvilon.
  1955 | D:3      | Reached XP level 6. HP: 40/42 MP: 6/6
  2536 | D:4      | Found Naczo Pet's Firing Range.
  2540 | D:4      | Identified a scroll of acquirement
  2540 | D:4      | Acquired the ring "Emevicku" {rPois Int+6}
  2647 | D:4      | Found Hufec's Weapon Boutique.
  3009 | D:5      | Entered Level 5 of the Dungeon
  3026 | D:5      | Reached skill level 4 in Fighting
  3026 | D:5      | Reached XP level 7. HP: 48/48 MP: 7/7
  3297 | D:5      | Reached skill level 5 in Shapeshifting
  3343 | D:5      | Noticed Duvessa
  3344 | D:5      | Noticed Dowan
  3667 | D:5      | Found a runed translucent door.
  3668 | D:5      | Noticed Crazy Yiuf
  3830 | D:6      | Noticed a yak
  3839 | D:6      | Noticed a yak
  3872 | D:6      | Found a staircase to the Ecumenical Temple.
  3887 | Temple   | Entered the Ecumenical Temple
  4010 | Temple   | Became a worshipper of Gozag Ym Sagoz the Greedy
  4081 | D:6      | Reached skill level 5 in Fighting
  4099 | D:6      | Reached XP level 8. HP: 55/55 MP: 8/8
  4246 | D:6      | Found an ornate altar of the Wu Jian Council.
  4500 | D:6      | Noticed a yak
  4502 | D:6      | Killed a yak
  4510 | D:6      | Killed a yak
  4514 | D:6      | Killed a yak
  4515 | D:6      | Reached skill level 6 in Fighting
  4671 | D:7      | Noticed a manticore
  4674 | D:7      | Noticed a deep elf pyromancer
  4674 | D:7      | Noticed a two-headed ogre
  4675 | D:7      | Noticed a vampire
  4677 | D:7      | Noticed a cyclops
  4700 | D:7      | Killed a manticore
  4701 | D:7      | Reached XP level 9. HP: 24/63 MP: 2/9
  5039 | D:5      | Reached skill level 7 in Fighting
  5089 | D:5      | Reached skill level 1 in Spellcasting
  5268 | D:5      | Killed Duvessa
  5271 | D:5      | Killed Dowan
  5385 | D:5      | Killed Crazy Yiuf
  6020 | D:7      | Found a glowing silver altar of Zin.
  6053 | D:7      | Noticed a cyclops
  6564 | D:8      | Noticed Maurice
  6626 | D:8      | Killed Maurice
  6627 | D:8      | Reached skill level 8 in Fighting
  6627 | D:8      | Reached skill level 5 in Spellcasting
  6627 | D:8      | Reached XP level 10. HP: 72/72 MP: 15/17
  6778 | D:8      | Found a hide-covered altar of Uskayaw.
  6928 | D:8      | Found a shimmering altar of Xom.
  7876 | D:10     | Entered Level 10 of the Dungeon
  7943 | D:10     | Found a basalt altar of Yredelemnul.
  8156 | D:10     | Found a staircase to the Lair.
  8239 | D:10     | Noticed Nergalle
  8258 | Lair:1   | Entered Level 1 of the Lair of Beasts
  8270 | Lair:1   | Reached skill level 9 in Fighting
  8307 | Lair:1   | Noticed a cane toad
  8425 | Lair:1   | Reached skill level 1 in Shields
  8541 | Lair:1   | Killed a cane toad
  8769 | Lair:1   | Reached XP level 11. HP: 61/80 MP: 15/22
  9054 | Lair:1   | Reached skill level 5 in Shields
  9294 | Lair:1   | Reached skill level 10 in Fighting
  9366 | Lair:2   | Noticed a five-headed hydra
  9424 | Lair:2   | Found a staircase to the Snake Pit.
  9483 | Lair:2   | Noticed Fannar
 10523 | Lair:2   | Killed a five-headed hydra
 10524 | Lair:2   | Reached skill level 11 in Fighting
 10524 | Lair:2   | Reached skill level 5 in Dodging
 10572 | Lair:2   | Reached XP level 12. HP: 90/90 MP: 23/23
 10760 | Lair:3   | Noticed a death yak
 10776 | Lair:3   | Killed a death yak
 10786 | Lair:3   | Noticed a death yak
 10788 | Lair:3   | Noticed a death yak
 10788 | Lair:3   | Noticed a death yak
 10789 | Lair:3   | Noticed a death yak
 10789 | Lair:3   | Noticed a death yak
 10805 | Lair:2   | Killed a death yak
 11067 | Lair:3   | Found a staircase to the Swamp.
 11070 | Lair:3   | Noticed a skyshark
 11208 | Lair:3   | Noticed a skyshark
 11208 | Lair:3   | Noticed a seven-headed hydra
 11209 | Lair:3   | Noticed Nuriomm's ghost (journeyman GnWn)
 11257 | Lair:3   | Noticed Josephine
 11315 | Lair:3   | Killed a skyshark
 11458 | Lair:3   | Reached skill level 12 in Fighting
 11590 | Lair:3   | Found a runed translucent gate.
 11590 | Lair:3   | Found a runed translucent gate.
 11590 | Lair:3   | Found a runed translucent gate.
 11802 | Lair:2   | Killed a death yak
 11803 | Lair:2   | Reached skill level 1 in Evocations
 12039 | Lair:2   | Killed a death yak
 12330 | Lair:3   | Killed a death yak
 12503 | Lair:3   | Killed a death yak
 12504 | Lair:3   | Reached skill level 1 in Alchemy
 12769 | Lair:3   | Killed Josephine
 12776 | Lair:3   | Reached XP level 13. HP: 98/98 MP: 14/24
 13556 | Lair:4   | Reached skill level 5 in Unarmed Combat
 14042 | Lair:5   | Entered Level 5 of the Lair of Beasts
 14227 | D:10     | Killed Nergalle
 14273 | D:10     | Found a burning altar of Makhleb.
 14467 | D:10     | Found a sacrificial altar of Ru.
 14843 | D:7      | Identified the +6 falchion "Sotusu" {freeze, ^Drain rElec
                  | rF++}
 14856 | D:7      | Identified the +0 robe of the Circus Animal {rPois rN++
                  | Int+4}
 15090 | D:7      | Found a sacrificial altar of Ru.
 15091 | D:7      | Found a sparkling altar of Nemelex Xobeh.
 15091 | D:7      | Found a shimmering blue altar of Sif Muna.
 15091 | D:7      | Found a shimmering blue altar of Sif Muna.
 15472 | D:7      | Noticed Pikel
 15480 | D:7      | Killed Pikel
 15481 | D:7      | Reached skill level 13 in Fighting
 15890 | D:7      | Found a blossoming altar of Fedhas.
 16397 | D:11     | Reached skill level 10 in Shapeshifting
 18301 | D:12     | Found a staircase to the Orcish Mines.
 18860 | D:12     | Reached XP level 14. HP: 106/106 MP: 25/25
 19486 | D:12     | Found Oquma's Assorted Antiques.
 19491 | D:12     | Bought a potion of curing for 57 gold pieces
 19491 | D:12     | Bought a potion of curing for 57 gold pieces
 19491 | D:12     | Bought a potion of might for 76 gold pieces
 20226 | D:13     | Found the ring of the Mage {Wiz Archmagi}
 20827 | Lair:5   | Found a runed translucent gate.
 20828 | Lair:5   | Found a runed translucent gate.
 20993 | Lair:5   | Found a runed translucent gate.
 21034 | Lair:5   | Noticed Sapher's ghost (novice SpDe)
 21579 | Lair:5   | Found a staircase to the Slime Pits.
 21698 | Lair:5   | Bought a scroll of vulnerability for 76 gold pieces
 21698 | Lair:5   | Bought a scroll of immolation for 76 gold pieces
 21698 | Lair:5   | Bought a scroll of teleportation for 57 gold pieces
 21698 | Lair:5   | Bought a scroll of teleportation for 57 gold pieces
 21698 | Lair:5   | Bought a scroll of teleportation for 57 gold pieces
 21698 | Lair:5   | Bought a scroll of fog for 76 gold pieces
 21795 | Lair:5   | Reached skill level 14 in Fighting
 21824 | Lair:5   | Reached skill level 5 in Alchemy
 21968 | Abyss:2  | Cast into level 2 of the Abyss (spriggan)
 21993 | Abyss:2  | Found a blossoming altar of Fedhas.
 21996 | Lair:5   | Escaped the Abyss
 23846 | Lair:5   | Found a corrupted altar of Lugonu.
 23846 | Lair:5   | Found a one-way gate to the infinite horrors of the Abyss.
 23872 | Lair:5   | Identified the +3 chain mail "Xiuwnop" {Int+3}
 24152 | Lair:5   | Learned a level 2 spell: Blink
 24348 | D:13     | Reached skill level 1 in Translocations
 24800 | D:13     | Reached XP level 15. HP: 114/114 MP: 26/26
 25256 | Orc:1    | Entered Level 1 of the Orcish Mines
 25993 | Orc:1    | Found Adarphoin's CLEARANCE SALE!.
 26003 | Orc:1    | Bought a potion of cancellation for 32 gold pieces
 26003 | Orc:1    | Bought a scroll of teleportation for 12 gold pieces
 26014 | Orc:1    | Learned a level 5 spell: Alistair's Intoxication
 26140 | Orc:2    | Entered Level 2 of the Orcish Mines
 26535 | Orc:2    | Found Russucli's Armour Boutique.
 26767 | Orc:2    | Paralysed by an orc sorcerer for 4 turns
 27157 | Orc:2    | Found a staircase to the Elven Halls.
 27504 | Orc:2    | Paralysed by an ogre mage for 5 turns
 27810 | Orc:2    | Reached skill level 5 in Translocations
 27900 | Orc:2    | Paralysed by an ogre mage for 5 turns
 28346 | Orc:2    | Reached skill level 15 in Fighting
 28666 | Orc:2    | Found Xodiwavo's Weapon Shop.
 28783 | Orc:2    | Found Xeopt's Antique Weapon Emporium.
 28805 | Orc:2    | Found Juluploi's Armour Boutique.
 28874 | Orc:2    | Bought the +2 shield of Resistance {rF++ rC++ Will++} for
                  | 1128 gold pieces
 28874 | Orc:2    | Found the +2 shield of Resistance {rF++ rC++ Will++}
 29219 | D:14     | Noticed Kirke
 29244 | D:14     | Killed Kirke
 31075 | D:14     | Found a hide-covered altar of Uskayaw.
 31310 | D:14     | Paralysed by an ogre mage for 4 turns
 31320 | D:14     | Reached XP level 16. HP: 114/122 MP: 21/27
 31662 | D:14     | Found a gate to the Vaults.
 31881 | D:15     | Entered Level 15 of the Dungeon
 32170 | D:15     | Identified the +6 dagger "Nuowoa Ifutt" {flame, Dex+3 SInv}
 33474 | D:15     | Found a staircase to the Depths.
 35259 | Swamp:1  | Entered Level 1 of the Swamp
 36713 | Swamp:1  | Reached skill level 16 in Fighting
 37901 | Swamp:2  | Learned a level 1 spell: Apportation
 37905 | Swamp:2  | Learned a level 3 spell: Teleport Other
 38025 | Swamp:2  | Noticed a fenstrider witch
 38159 | Swamp:2  | Bought the ring "Qoepsuuh" {rN+ Int+2} for 624 gold pieces
 38159 | Swamp:2  | Bought an amulet of reflection for 600 gold pieces
 38159 | Swamp:2  | Bought a +6 ring of strength for 720 gold pieces
 38203 | Swamp:2  | Noticed Jorgrun
 38203 | Swamp:2  | Paralysed by a fenstrider witch for 5 turns
 38449 | Swamp:3  | Noticed a fenstrider witch
 38501 | Swamp:2  | HP: 7/148 [tyrant leech (13)]
 38772 | Swamp:2  | Killed Jorgrun
 38842 | Swamp:2  | Killed a fenstrider witch
 39993 | Swamp:3  | Reached XP level 17. HP: 112/130 MP: 20/28
 40444 | Swamp:3  | HP: 5/156 [fenstrider witch (4)]
 42016 | Snake:1  | Entered Level 1 of the Snake Pit
 44139 | D:13     | Identified the +2 hat of the Shore {Rampage Fly rC- Dex-2}
 44471 | Lair:2   | Learned a level 4 spell: Ignite Poison
 44514 | Lair:2   | Learned a level 6 spell: Eringya's Noxious Bog
 46364 | Snake:2  | Noticed Mlioglotl
 47299 | Snake:3  | Reached skill level 17 in Fighting
 47851 | Snake:3  | Reached skill level 10 in Alchemy
 50345 | Snake:4  | Entered Level 4 of the Snake Pit
 50345 | Snake:4  | Noticed Tofuof's ghost (journeyman FeSu)
 50345 | Snake:4  | Found a runed translucent gate.
 50345 | Snake:4  | Found a runed translucent gate.
 50345 | Snake:4  | Found a runed translucent gate.
 50494 | Snake:4  | Reached XP level 18. HP: 139/139 MP: 19/29
 51629 | Snake:4  | Found Deonlikh's Jewellery Boutique.
 51630 | Snake:4  | Found Guuta's Book Shoppe.
 51632 | Snake:4  | Found Dohisimn's Jewellery Boutique.
 51644 | Snake:4  | Bought a ring of resist corrosion for 360 gold pieces
 53791 | Snake:4  | Reached skill level 15 in Shapeshifting
 54179 | Snake:4  | Noticed a quicksilver dragon
 54277 | Snake:4  | Got a serpentine rune of Zot
 54658 | Snake:4  | Bought a granite talisman for 1080 gold pieces
 54965 | Lair:2   | Killed Fannar
 55318 | Lair:2   | Reached XP level 19. HP: 146/146 MP: 29/31
 55319 | Lair:2   | Reached XP level 20. HP: 153/153 MP: 29/32
 55436 | Lair:2   | Killed Nuriomm's ghost
 55472 | Lair:3   | Got Ataenego's Papyrus of the Freezing Boulder
 55565 | Swamp:4  | Entered Level 4 of the Swamp
 55952 | Swamp:4  | Reached skill level 18 in Fighting
 56580 | Swamp:4  | Reached XP level 21. HP: 159/159 MP: 25/33
 56628 | Swamp:4  | Got a decaying rune of Zot
 57269 | Vaults:1 | Entered Level 1 of the Vaults
 57662 | Vaults:1 | Reached skill level 10 in Unarmed Combat
 58905 | Vaults:2 | Found Cietziow's Distillery.
 58909 | Vaults:2 | Bought a potion of curing for 48 gold pieces
 58909 | Vaults:2 | Bought a potion of heal wounds for 80 gold pieces
 58909 | Vaults:2 | Bought a potion of curing for 48 gold pieces
 58909 | Vaults:2 | Bought a potion of curing for 48 gold pieces
 58909 | Vaults:2 | Bought 2 potions of heal wounds for 160 gold pieces
 59804 | Vaults:2 | Reached skill level 19 in Fighting
 60216 | Vaults:2 | Upgraded the game from 0.31-a0-1598-g94871bc2e8 to
                  | 0.31-a0-1610-g9787180647
 60524 | Vaults:3 | Reached XP level 22. HP: 168/168 MP: 34/34
 61194 | Vaults:3 | Found a staircase to the Crypt.
 61467 | Vaults:3 | Found Deuhaggu's Weapon Shop.
 62037 | Vaults:4 | Found Athenet's Assorted Antiques.
 62041 | Vaults:4 | Bought a potion of might for 200 gold pieces
 62041 | Vaults:4 | Bought a wand of acid (4) for 840 gold pieces
 62041 | Vaults:4 | Bought 2 scrolls of blinking for 750 gold pieces
 62041 | Vaults:4 | Bought a wand of roots (3) for 360 gold pieces
 62041 | Vaults:4 | Bought 2 potions of curing for 300 gold pieces
 62128 | Vaults:4 | Reached skill level 1 in Conjurations
 62722 | Vaults:4 | Found the ring of the Tortoise {AC+8}
 63173 | Vaults:4 | Reached skill level 5 in Conjurations
 63308 | Vaults:4 | Found Gatuinas's Antique Armour Boutique.
 63727 | Vaults:4 | Upgraded the game from 0.31-a0-1610-g9787180647 to
                  | 0.31-a0-1612-g4aaf141004
 63971 | Elf:1    | Entered Level 1 of the Elven Halls
 64255 | Elf:1    | Reached skill level 20 in Fighting
 64352 | Elf:1    | Found an ancient bone altar of Kikubaaqudgha.
 64354 | Elf:1    | Found Moraneydgh's Book Boutique.
 64450 | Elf:1    | Bought the Disquisition on the Heavy Gift for 612 gold
                  | pieces
 64456 | Elf:1    | Learned a level 5 spell: Yara's Violent Unravelling
 64798 | Elf:1    | Reached skill level 1 in Hexes
 64836 | Elf:1    | Paralysed by an air elemental for 1 turns
 64848 | Elf:1    | Reached XP level 23. HP: 176/176 MP: 27/35
 65339 | Elf:2    | Paralysed by an air elemental for 1 turns
 65463 | Elf:2    | Found a runed translucent gate.
 65463 | Elf:2    | Found a runed translucent gate.
 65473 | Elf:2    | Found a runed translucent gate.
 65926 | Depths:1 | Entered Level 1 of the Depths
 66010 | Depths:1 | Reached skill level 5 in Hexes
 66667 | Depths:1 | Found a gateway to Hell.
 66915 | Depths:1 | Identified the amulet of Etupnosh {rC+ rN++ Regen+ Dex+2}
 67511 | Depths:2 | Noticed Mara
 67520 | Depths:2 | Noticed TotoRNA's illusion
 67530 | Depths:2 | Killed Mara
 68703 | Depths:2 | Noticed a caustic shrike
 68711 | Depths:2 | Killed a caustic shrike
 68782 | Depths:2 | Found a one-way gate leading to the halls of Pandemonium.
 68818 | Depths:2 | Noticed a golden dragon
 68818 | Depths:2 | Noticed a golden dragon
 68845 | Depths:2 | Killed a golden dragon
 68850 | Depths:2 | Killed a golden dragon
 68914 | Depths:2 | Noticed a juggernaut
 68932 | Depths:2 | Killed a juggernaut
 68939 | Depths:2 | Reached XP level 24. HP: 185/185 MP: 28/35
 69045 | Depths:2 | Identified the ring "Luhewoeh" {rF+ rN+}
 69160 | Depths:3 | Reached skill level 21 in Fighting
 69179 | Depths:3 | Reached skill level 10 in Hexes
 69518 | Depths:3 | Found an ancient bone altar of Kikubaaqudgha.
 69606 | Depths:3 | Noticed Sojobo
 70191 | Depths:3 | Found a one-way gateway to a ziggurat.
 70275 | Depths:3 | Killed Sojobo
 70815 | Snake:4  | Bought a talisman of death for 1440 gold pieces
 71784 | Depths:4 | Entered Level 4 of the Depths
 72476 | Depths:4 | Found a gate to the Realm of Zot.
 72995 | Depths:4 | Found a runed translucent gate.
 72995 | Depths:4 | Found a runed translucent gate.
 72995 | Depths:4 | Found a runed translucent gate.
 72996 | Depths:4 | Noticed an ancient lich
 72998 | Depths:4 | Noticed an ancient lich
 72998 | Depths:4 | Noticed Ceed's ghost (adept MfGl)
 73268 | Depths:4 | Upgraded the game from 0.31-a0-1612-g4aaf141004 to
                  | 0.31-a0-1616-gbeaec30b81
 73492 | Elf:3    | Entered Level 3 of the Elven Halls
 73492 | Elf:3    | Noticed Norris
 73493 | Elf:3    | Found Bycaruig's General Store.
 73506 | Elf:3    | Bought a dragon-blood talisman for 1080 gold pieces
 73665 | Elf:3    | Found Gacuamog's Weapon Shop.
 73724 | Elf:3    | Found Xesab's Magic Scroll Shop.
 73732 | Elf:3    | Bought a scroll of teleportation for 42 gold pieces
 73732 | Elf:3    | Bought a scroll of teleportation for 42 gold pieces
 73732 | Elf:3    | Bought a scroll of teleportation for 42 gold pieces
 73732 | Elf:3    | Bought a scroll of blinking for 105 gold pieces
 73732 | Elf:3    | Bought a scroll of teleportation for 42 gold pieces
 73985 | Elf:3    | Killed Norris
 74115 | Elf:3    | Reached XP level 25. HP: 194/194 MP: 35/35
 74144 | Elf:3    | Found Noadeofo's Magic Scroll Boutique.
 74154 | Elf:3    | Bought a scroll of blinking for 142 gold pieces
 74154 | Elf:3    | Bought a scroll of teleportation for 57 gold pieces
 74154 | Elf:3    | Bought a scroll of teleportation for 57 gold pieces
 74154 | Elf:3    | Bought a scroll of teleportation for 57 gold pieces
 74884 | Elf:3    | Reached skill level 22 in Fighting
 75109 | Elf:3    | Identified the +10 battleaxe of Wiap {protect, Int+4 Dex+6
                  | SInv}
 75164 | Elf:3    | Noticed Bai Suzhen
 75178 | Elf:3    | Killed Bai Suzhen
 75477 | Elf:3    | Got the Omnibus of Smouldering Frostbite
 75480 | Elf:3    | Identified the staff of Sharkskin {^Drain rN+ MP+9 Dex+3
                  | Conj}
 75485 | Elf:3    | Identified the staff "Tiritz" {rPois rF+ Str+3 Fire Air
                  | Earth}
 75522 | Elf:3    | Learned a level 5 spell: Irradiate
 75558 | Elf:3    | Found the +18 shield of the Gong {Loud rN+ Will+ rCorr
                  | EV-5}
 75573 | Elf:3    | Identified the +2 chain mail of Vimy {*Slow rN+ SInv}
 75583 | Elf:3    | Identified the +0 ring mail "Doti" {Int+3}
 75584 | Elf:3    | Identified the staff "Ossoemat" {rElec rF+ rC+ Stlth+ Hexes
                  | Ice}
 76195 | Elf:3    | Bought a scroll of blinking for 112 gold pieces
 76195 | Elf:3    | Bought a scroll of blinking for 112 gold pieces
 76524 | Lair:5   | Killed Sapher's ghost
 77067 | Snake:2  | Killed Mlioglotl
 77536 | Snake:4  | Killed Tofuof's ghost
 79318 | Depths:3 | Voluntarily entered the Abyss.
 79544 | Depths:3 | Escaped the Abyss
 79568 | Depths:3 | Voluntarily entered the Abyss.
 79806 | Abyss:2  | Found a corrupted altar of Lugonu.
 79895 | Abyss:2  | Found a corrupted altar of Lugonu.
 80083 | Abyss:2  | Reached skill level 10 in Conjurations
 80131 | Abyss:2  | Reached XP level 26. HP: 130/203 MP: 22/35
 80146 | Depths:3 | Escaped the Abyss
 80275 | Depths:3 | Voluntarily entered the Abyss.
 80382 | Abyss:2  | Found a corrupted altar of Lugonu.
 80393 | Abyss:2  | Paralysed by accursed screaming for 1 turns
 80593 | Abyss:3  | Paralysed by accursed screaming for 2 turns
 80606 | Depths:3 | Escaped the Abyss
 80838 | Depths:3 | Voluntarily entered the Abyss.
 80838 | Abyss:3  | Found a corrupted altar of Lugonu.
 80869 | Abyss:3  | Paralysed by accursed screaming for 1 turns
 81408 | Abyss:3  | Paralysed by accursed screaming for 1 turns
 81415 | Abyss:3  | Paralysed by accursed screaming for 1 turns
 81513 | Abyss:3  | Reached skill level 23 in Fighting
 81521 | Abyss:3  | Got an abyssal rune of Zot
 81610 | Depths:3 | Escaped the Abyss
 81648 | Depths:3 | Learned a level 7 spell: Enfeeble
 81889 | Vaults:5 | Entered Level 5 of the Vaults
 81900 | Vaults:4 | Reached skill level 15 in Hexes
 82671 | Vaults:5 | Noticed a dread lich
 82679 | Vaults:5 | Killed a dread lich
 82716 | Vaults:5 | Noticed an ancient lich
 82733 | Vaults:5 | Killed an ancient lich
 82971 | Vaults:5 | Reached skill level 10 in Spellcasting
 83433 | Vaults:5 | Identified the +2 scale mail of the Fifty Hells {^Contam
                  | rN++ Int-3 SInv}
 83554 | Vaults:5 | Noticed a dread lich
 83561 | Vaults:5 | Killed a dread lich
 83562 | Vaults:5 | Reached XP level 27. HP: 212/212 MP: 27/37
 83651 | Vaults:5 | Identified the staff "Azoippy" {rF+ Int+2 Fire Air}
 84075 | Vaults:5 | Reached skill level 10 in Shields
 84126 | Vaults:5 | Gained mutation: Your body sometimes deteriorates upon
                  | taking damage. [a ghostly shining eye]
 84126 | Vaults:5 | Gained mutation: One of your tentacles bears a spike. [a
                  | ghostly shining eye]
 84797 | Vaults:5 | Got a silver rune of Zot
 85339 | Snake:4  | Bought the ring "Podd" {rC+ rN+ rCorr MP+9} for 569 gold
                  | pieces
 85346 | Snake:4  | Learned a level 5 spell: Fireball
 85359 | Snake:4  | Bought the ring of Zeoruag {rPois Will- Str+3 Slay+3 SInv}
                  | for 531 gold pieces
 85362 | Snake:4  | Upgraded the game from 0.31-a0-1616-gbeaec30b81 to
                  | 0.31-a0-1620-gcbf77bbcfc
 85711 | Zot:1    | Entered Level 1 of the Realm of Zot
 85775 | Depths:4 | Reached skill level 1 in Fire Magic
 85833 | Zot:1    | Noticed an orb of fire
 85869 | Zot:1    | Gained mutation: You are vulnerable to cold. (rC-) [an orb
                  | of fire]
 85870 | Zot:1    | Gained mutation: Your spells are a little easier to cast,
                  | but a little less powerful. [an orb of fire]
 85879 | Zot:1    | Gained mutation: Your spells are easier to cast, but less
                  | powerful. [an orb of fire]
 85886 | Zot:1    | Gained mutation: You are vulnerable to heat. (rF-) [an orb
                  | of fire]
 85887 | Zot:1    | Killed an orb of fire
 86244 | Zot:1    | You fall into a shaft and drop 1 floor!
 86358 | Zot:1    | Reached skill level 24 in Fighting
 86418 | Zot:1    | Reached skill level 5 in Fire Magic
 86856 | Zot:1    | Acquired a book of Power
 87151 | Zot:1    | Found a transporter.
 87177 | Zot:1    | Found a transporter.
 87967 | Zot:2    | Found the +4 dragonskin cloak
 87967 | Zot:2    | Noticed Tiamat
 88535 | Zot:3    | Identified the +0 leather armour "Boiwie Ocki" {-Tele Str+6
                  | Dex+5}
 88626 | Zot:3    | Gained mutation: Your body often deteriorates upon taking
                  | damage. [mutagenic glow]
 88640 | Zot:3    | Gained mutation: You are very vulnerable to cold. (rC--)
                  | [mutagenic glow]
 88648 | Zot:3    | Gained mutation: You occasionally lose the ability to drink
                  | potions when taking damage. [mutagenic glow]
 88791 | Zot:3    | Lost mutation: You are very vulnerable to cold. (rC--)
                  | [potion of mutation]
 88791 | Zot:3    | Lost mutation: Your body often deteriorates upon taking
                  | damage. [potion of mutation]
 88791 | Zot:3    | Lost mutation: Your body sometimes deteriorates upon taking
                  | damage. [potion of mutation]
 88791 | Zot:3    | Gained mutation: You expend magic power (3 MP) to
                  | strengthen your wands. [potion of mutation]
 88791 | Zot:3    | Gained mutation: Your mind is acute. (Int +4, Str/Dex -1)
                  | [potion of mutation]
 88792 | Zot:3    | Lost mutation: You expend magic power (3 MP) to strengthen
                  | your wands. [potion of mutation]
 88792 | Zot:3    | Lost mutation: One of your tentacles bears a spike. [potion
                  | of mutation]
 88792 | Zot:3    | Lost mutation: You are vulnerable to heat. (rF-) [potion of
                  | mutation]
 88792 | Zot:3    | Gained mutation: Your muscles are strong. (Str +4, Int/Dex
                  | -1) [potion of mutation]
 88792 | Zot:3    | Gained mutation: One of your tentacles bears a spike.
                  | [potion of mutation]
 88793 | Zot:3    | Lost mutation: Your spells are easier to cast, but less
                  | powerful. [potion of mutation]
 88793 | Zot:3    | Lost mutation: You occasionally lose the ability to drink
                  | potions when taking damage. [potion of mutation]
 88793 | Zot:3    | Gained mutation: You occasionally lose the ability to read
                  | scrolls when taking damage. [potion of mutation]
 88794 | Zot:3    | Lost mutation: Your muscles are strong. (Str +4, Int/Dex
                  | -1) [potion of mutation]
 88794 | Zot:3    | Lost mutation: Your mind is acute. (Int +4, Str/Dex -1)
                  | [potion of mutation]
 88794 | Zot:3    | Lost mutation: One of your tentacles bears a spike. [potion
                  | of mutation]
 88794 | Zot:3    | Gained mutation: One of your tentacles bears a spike.
                  | [potion of mutation]
 88794 | Zot:3    | Lost mutation: You occasionally lose the ability to read
                  | scrolls when taking damage. [potion of mutation]
 89593 | Zot:4    | Reached skill level 10 in Fire Magic
 90251 | Zot:4    | Reached skill level 15 in Shields
 91105 | Zot:5    | Entered Level 5 of the Realm of Zot
 92055 | Zot:5    | Noticed a dread lich
 92062 | Zot:5    | Killed a dread lich
 92380 | Zot:5    | Noticed an orb of fire
 92382 | Zot:5    | Gained mutation: Your mind is acute. (Int +4, Str/Dex -1)
                  | [an orb of fire]
 92384 | Zot:5    | Lost mutation: Your mind is acute. (Int +4, Str/Dex -1) [an
                  | orb of fire]
 92389 | Zot:5    | Killed an orb of fire
 92548 | Zot:5    | Noticed an orb of fire
 92558 | Zot:5    | Gained mutation: You occasionally lose the ability to read
                  | scrolls when taking damage. [an orb of fire]
 92559 | Zot:5    | Killed an orb of fire
 92560 | Zot:5    | Reached skill level 25 in Fighting
 92571 | Zot:5    | Noticed an orb of fire
 92575 | Zot:5    | Gained mutation: You occasionally shout uncontrollably at
                  | your foes. [an orb of fire]
 92586 | Zot:5    | Killed an orb of fire
 92705 | Zot:5    | Noticed an orb of fire
 92717 | Zot:5    | Gained mutation: You occasionally lose the ability to drink
                  | potions when taking damage. [an orb of fire]
 92721 | Zot:5    | Killed an orb of fire
 92902 | Zot:4    | Lost mutation: You occasionally lose the ability to drink
                  | potions when taking damage. [potion of mutation]
 92902 | Zot:4    | Lost mutation: You occasionally lose the ability to read
                  | scrolls when taking damage. [potion of mutation]
 92902 | Zot:4    | Lost mutation: You occasionally shout uncontrollably at
                  | your foes. [potion of mutation]
 92902 | Zot:4    | Gained mutation: One of your tentacles bears a nasty spike.
                  | [potion of mutation]
 92902 | Zot:4    | Gained mutation: You are occasionally teleported next to
                  | monsters. [potion of mutation]
 92902 | Zot:4    | Lost mutation: Your spells are a little easier to cast, but
                  | a little less powerful. [potion of mutation]
 92903 | Zot:4    | Lost mutation: One of your tentacles bears a nasty spike.
                  | [potion of mutation]
 92903 | Zot:4    | Lost mutation: One of your tentacles bears a spike. [potion
                  | of mutation]
 92903 | Zot:4    | Lost mutation: You are vulnerable to cold. (rC-) [potion of
                  | mutation]
 92903 | Zot:4    | Gained mutation: Your mind is acute. (Int +4, Str/Dex -1)
                  | [potion of mutation]
 92903 | Zot:4    | Gained mutation: You passively dampen the noise of your
                  | surroundings. [potion of mutation]
 92903 | Zot:4    | Lost mutation: You passively dampen the noise of your
                  | surroundings. [potion of mutation]
 92904 | Zot:4    | Lost mutation: Your mind is acute. (Int +4, Str/Dex -1)
                  | [potion of mutation]
 92904 | Zot:4    | Lost mutation: You are occasionally teleported next to
                  | monsters. [potion of mutation]
 92904 | Zot:4    | Gained mutation: Your spells are a little harder to cast,
                  | but a little more powerful. [potion of mutation]
 92904 | Zot:4    | Gained mutation: You are partially covered in iridescent
                  | scales. (AC +2) [potion of mutation]
 92904 | Zot:4    | Gained mutation: You are mostly covered in iridescent
                  | scales. (AC +4) [potion of mutation]
 92932 | Zot:5    | Noticed an orb of fire
 93046 | Zot:5    | Noticed an orb of fire
 93054 | Zot:5    | Gained mutation: Your body sometimes deteriorates upon
                  | taking damage. [an orb of fire]
 93057 | Zot:5    | Gained mutation: You are vulnerable to heat. (rF-) [an orb
                  | of fire]
 93061 | Zot:5    | Killed an orb of fire
 93217 | Zot:5    | Noticed an orb of fire
 93223 | Zot:5    | Gained mutation: You are clumsy. (Dex -2) [an orb of fire]
 93227 | Zot:5    | Gained mutation: You occasionally lose the ability to drink
                  | potions when taking damage. [an orb of fire]
 93228 | Zot:5    | Killed an orb of fire
 93232 | Zot:5    | Noticed an orb of fire
 93258 | Zot:5    | Noticed an orb of fire
 93266 | Zot:5    | HP: 2/282 [orb of fire/fireball (76)]
 93267 | Zot:5    | Killed from afar by an orb of fire

Illustrated notes

Levels and vault maps discovered:
D:1:      psy_arrival_conway, layout_basic, palyth_stone_intersect,
          amcnicky_mini_rare_corridor_liquid
D:2:      layout_basic, serial_bayou, serial_bayou_shore_a, serial_bayou_pond_a,
          serial_bayou_lake_a, serial_bayou_pond_b, serial_bayou_pond_e
D:3:      layout_loops_ring, elyvilon_altar_4, uniq_sigmund
D:4:      layout_basic, serial_shops, nicolae_shop_bloodbath_and_beyond,
          nicolae_shop_firing_range
D:5:      layout_gridville, uniq_crazy_yiuf_cottage, uniq_duvessa
D:6:      layout_gridville, nzn_wu_jian_council_hall,
          minmay_temple_entry_metal_lava, minmay_circle_x
D:7:      minmay_the_grid_octo_2x2 [minmay_the_grid_octo_fan_narrow,
          minmay_the_grid_octo_checkerflower, minmay_the_grid_octo_shrine,
          minmay_the_grid_octo_prize_square_snowflake], layout_cave_pools,
          kennysheep_mini_moat, mainiacjoe_overflow_paths, uniq_pikel
D:8:      layout_cave_pools, mainiacjoe_overflow_24_doors, marbit_many_paths,
          minmay_manual_mares, uniq_maurice
D:9:      layout_roguey
D:10:     layout_gridville, mainiacjoe_overflow_small_starburst,
          nicolae_ru_awakened_eye, mainiacjoe_overflow_concentric_impassable,
          lair_entry_dummy, uniq_nergalle
D:11:     layout_rooms, nicolae_where_there's_smoke
D:12:     layout_layer_cave, erik_orc_3, serial_shops,
          nicolae_shop_hallway_plus, minmay_fractal_squares_gapless_5
D:13:     layout_basic, minivault_12
D:14:     layout_roguey, hangedman_vaults_entry_quadrant_bands,
          nicolae_uskayaw_en_pointe, minmay_holes, uniq_kirke
D:15:     gammafunk_depths_entry_grave, layout_grid_maze
Temple:   compressed_dpeg_triangle_lava_temple
Lair:1:   layout_long_grid, lemuel_fruit_fields, grunt_megastairs_3,
          serial_bayou_shore_b
Lair:2:   layout_roguey [special_room_bee], guppyfry_snake_entry_garden,
          uniq_fannar
Lair:3:   layout_long_grid, swamp_mist_pool, gammafunk_ghost_split,
          dreamdust_wasp_nest, uniq_josephine
Lair:4:   layout_loops_ring, lemuel_old_faithful
Lair:5:   hellmonk_lair_end_abyssal_woods, layout_loops_ring, slime_entry_1,
          gammafunk_ghost_icy
Swamp:1:  layout_basic_swamp, evilmike_swamp_ruin_house_3
Swamp:2:  layout_basic_swamp, hangedman_swamp_ruin_hall, swamp_pool_4,
          nicolae_swamp_small_spring, lightli_tree_ring, uniq_jorgrun
Swamp:3:  nicolae_swamp_ascending_descending_big, layout_falls_marsh,
          evilmike_swamp_ruin_house_5, swamp_pool_1_2,
          nicolae_swamp_wisp_ring_woods
Swamp:4:  swamp_alternative, layout_basic_swamp, hangedman_swamp_pad,
          swamp_pool_1_2
Snake:1:  layout_concentric_octagons, nicolae_snake_linked_coils
Snake:2:  layout_grid_shapes, lemuel_fruit_tree, uniq_mlioglotl
Snake:3:  layout_misc_corridors, serial_library_regret_index_turning
Snake:4:  hellmonk_snake_rune_quicksilver_temple, layout_onion,
          ebering_ghost_rock_garden, serial_bayou_pond_e, minmay_shop_grove
Orc:1:    layout_diamond_mine, nicolae_shop_clearance
Orc:2:    st_orc_open, layout_diamond_mine
Elf:1:    nicolae_elf_arrival_fired_up, layout_geoelf_diagonals, basic_altar,
          serial_shops, nicolae_book_shop_shelving, serial_aquarium,
          aquarium_bridge_square [aquarium_subvault_bridge,
          aquarium_subvault_bridge, aquarium_subvault_bridge,
          aquarium_subvault_bridge], aquarium_bridge_long_separate
          [aquarium_subvault_bridge, aquarium_subvault_bridge,
          aquarium_subvault_bridge, aquarium_subvault_wall,
          aquarium_subvault_bridge, aquarium_subvault_bridge],
          aquarium_window_1, aquarium_window_fake, aquarium_view_2e,
          aquarium_balcony_1b, evilmike_minifort
Elf:2:    elven_hall_of_blades_hangedman_original [grunt_blade_entry_basic],
          layout_onion_city
Elf:3:    minmay_elf_hall_hex, layout_geoelf_castle, serial_shops,
          nicolae_lakefront_shop, shop, nicolae_shop_statue_plus, shop,
          uniq_bai_suzhen, uniq_norris
Vaults:1: nicolae_vaults_hexular_roomagon, grunt_vaults_diagonal,
          hangedman_vaults_stream, nicolae_vaults_tetromino_L_2,
          nicolae_vaults_specimen_jars, vaults_standard_mumra_x,
          nicolae_vaults_triangles, nicolae_vaults_asterisk,
          nicolae_vaults_loss_of_containment, v_pattern_3,
          hangedman_vaults_cutoff, hangedman_vaults_cutoff,
          nicolae_vaults_trapezoid_lopsided_1, layout_vaults_omnibox,
          serial_magic_research
Vaults:2: nicolae_vaults_network_quincunx
          [nicolae_vaults_network_quincunx_subvault,
          nicolae_vaults_network_quincunx_subvault,
          nicolae_vaults_network_quincunx_subvault,
          nicolae_vaults_network_quincunx_subvault,
          nicolae_vaults_network_quincunx_subvault], nicolae_vaults_house_3,
          nicolae_vaults_more_shelving_1, nicolae_vaults_closet_pinwheel_3,
          v_misc_2, v_alt_pattern_6, hangedman_vaults_locks,
          nicolae_vaults_house_2, ontoclasm_vaults_ligature,
          layout_vaults_big_room, serial_shops, nicolae_shop_back_alley_shop
Vaults:3: v_pattern_4, v_misc_2, vaults_mumra_minichess_inversion,
          minmay_crypt_entry_simple_round, vaults_dpeg_ring,
          nicolae_vaults_security_offices_1, v_misc_2,
          nicolae_vaults_taking_the_gang_shopping, layout_vaults_omnigrid
Vaults:4: nicolae_vaults_two_Ls, nicolae_vaults_closet_pinwheel_1,
          vaults_room_octagon, v_misc_13, nicolae_vaults_trapezoid_lopsided_1,
          st_quartered_hall, v_alt_pattern_3, v_alt_pattern_2, v_misc_15,
          v_misc_32, nicolae_vaults_border_crossing, dpeg_vaults_monster_box,
          grunt_vaults_focal, v_misc_29, layout_vaults_maze, serial_shops, shop,
          nicolae_shop_trees
Vaults:5: serial_shops
Depths:1: layout_cave_shapes, hellmouth_3, minmay_misc_feat_alley,
          nrook_pool_corridor, laboratory, serial_bayou_shore_b,
          grunt_megastairs_4
Depths:2: minmay_swirls_squares, layout_cave_pools, rand_demon_pan_entry_3,
          pf_coc_iceberg, serial_library_regret_index_branch_corner, uniq_mara
Depths:3: nzn_winding_woodlands_stair_cross [nzn_winding_woodlands_5x15_pool,
          nzn_winding_woodlands_center_lodge, nzn_winding_woodlands_5x15_jagged,
          nzn_winding_woodlands_5x5_open_star,
          nzn_winding_woodlands_5x5_closed_star,
          nzn_winding_woodlands_5x15_concentric,
          nzn_winding_woodlands_center_diamonds,
          nzn_winding_woodlands_5x15_lazy_stream], layout_cave_pools,
          enter_ziggurat_b, grunt_decor_resistance, abyss_entry, hell_entry,
          nicolae_kikubaaqudgha_miasma_corner, infiniplex_staircase_trident,
          uniq_sojobo
Depths:4: grunt_zot_entry_bicorn, layout_long_grid, minmay_room_of_horrors,
          gammafunk_ghost_necromancy, hell_entry, serial_bayou_pond_b,
          chequers_serial_rivers_marsh, minmay_misc_feat_tower
Zot:1:    gammafunk_sealed_arena, layout_gridlike, hangedman_player_shredder
Zot:2:    layout_gridlike, regret_index_zotdec_fiery_em, lemuel_elevator,
          uniq_tiamat
Zot:3:    layout_gridville
Zot:4:    kennysheep_oblong_rooms, layout_cathedral_of_symmetry
Zot:5:    layout_gridlike

Skill      XL: |  1  2  3  4  5  6  7  8  9 10 11 12 13 14 15 16 17 18 19 20 21 22 23 24 25 26 27 |
---------------+----------------------------------------------------------------------------------+-----
Stealth        | 1 3 6 8 |  8.4
Fighting       | 3 4 5 6 8 9 11 12 13 14 15 16 17 18 19 20 21 22 23 25 | 25.1
Shapeshifting  | 4 5 8 10 11 12 13 14 15 16 17 18 19 20 | 20.6
Spellcasting   | 5 7 8 10 12 | 12.2
Shields        | 3 6 7 9 16 | 16.0
Dodging        | 5 9 |  9.7
Evocations     | 3 |  3.2
Alchemy        | 2 7 10 13 14 | 14.6
Unarmed Combat | 4 6 8 9 12 14 | 14.0
Translocations | 1 8 9 |  9.8
Conjurations   | 6 10 12 | 12.0
Hexes          | 1 9 13 14 15 16 | 16.0
Fire Magic     | 13 | 13.1

Action                     |  1- 3 |  4- 6 |  7- 9 | 10-12 | 13-15 | 16-18 | 19-21 | 22-24 | 25-27 || total
---------------------------+-------+-------+-------+-------+-------+-------+-------+-------+-------++-------
  Melee: Unarmed           |     7 |       |    15 |    12 |  1346 |  1090 |   599 |  1194 |  1610 ||  5873
         Dagger            |    68 |    59 |   178 |   474 |   183 |    32 |       |       |       ||   994
         Constrict         |    11 |    12 |    38 |    52 |   259 |   208 |    64 |   169 |   255 ||  1068
         Tentacles         |     7 |     8 |    36 |   130 |    61 |       |   224 |   427 |   576 ||  1469
         Punch             |     3 |     1 |     4 |    22 |    11 |     2 |    78 |   157 |   256 ||   534
         Bite              |       |       |       |       |       |       |       |       |     3 ||     3
         Tailslap          |       |       |       |       |       |       |       |       |     2 ||     2
         Kick              |       |       |       |       |       |       |       |       |   347 ||   347
   Cast: Alistair's Intoxi |       |       |       |       |       |    28 |       |    17 |    21 ||    66
         Teleport Other    |       |       |       |       |       |    28 |       |     3 |     2 ||    33
         Eringya's Noxious |       |       |       |       |       |    50 |     2 |       |     8 ||    60
         Ignite Poison     |       |       |       |       |       |    36 |     3 |       |     8 ||    47
         Apportation       |       |       |       |       |       |     1 |       |       |       ||     1
         Yara's Violent Un |       |       |       |       |       |       |       |    44 |    72 ||   116
         Blink             |       |       |       |       |       |       |       |     4 |     4 ||     8
         Irradiate         |       |       |       |       |       |       |       |       |    50 ||    50
         Enfeeble          |       |       |       |       |       |       |       |       |    21 ||    21
         Fireball          |       |       |       |       |       |       |       |       |     2 ||     2
 Invoke: Potion Petition   |       |       |     1 |     4 |     4 |     4 |     1 |     3 |     9 ||    26
         Call Merchant     |       |       |       |       |     1 |     1 |       |       |     1 ||     3
Ability: Begin Untransform |       |       |     1 |       |     1 |       |       |       |       ||     2
  Evoke: Wand              |       |       |       |     3 |     2 |     1 |     2 |       |     1 ||     9
         Lightning rod     |       |       |       |       |       |       |     1 |       |       ||     1
    Use: Potion            |     1 |       |     6 |     1 |     6 |    15 |     1 |     2 |    11 ||    43
         Scroll            |       |     4 |     7 |     7 |     5 |    19 |     6 |    10 |     7 ||    65
   Stab: Sleeping          |    10 |    11 |     8 |    21 |    11 |    17 |    10 |    22 |    15 ||   125
         Distracted        |       |       |     1 |     4 |    13 |     7 |    13 |    14 |    28 ||    80
         Confused          |       |       |       |       |       |     1 |       |     4 |     2 ||     7
         Invisible         |       |       |       |       |       |       |     3 |       |     2 ||     5
 Armour: Skin              |    14 |    12 |    96 |   182 |   791 |   836 |   381 |  1040 |  1622 ||  4974
  Dodge: Dodged            |    27 |    20 |   144 |   282 |  1424 |  1221 |   628 |   923 |  1068 ||  5737
  Block: Buckler           |     6 |     8 |    47 |   125 |    60 |       |       |       |       ||   246
         Kite shield       |       |       |       |       |    25 |    60 |   724 |  1537 |  1599 ||  3945
         Reflection        |       |       |       |       |       |       |    26 |    71 |    19 ||   116
   Form: Beast             |     1 |       |     1 |       |     2 |       |       |       |       ||     4
         Flux              |       |       |     1 |       |       |       |       |       |       ||     1
                           |       |       |     1 |       |       |       |       |       |       ||     1
         Serpent           |       |       |       |       |     4 |       |       |       |       ||     4
         Maw               |       |       |       |       |     1 |       |       |       |       ||     1
         Statue            |       |       |       |       |       |       |     1 |     1 |     2 ||     4
         Death             |       |       |       |       |       |       |       |     1 |     1 ||     2
         Dragon            |       |       |       |       |       |       |       |       |     2 ||     2

Table legend: (Time is in decaauts)
 A = Elapsed time spent in this place.
 B = Non-inter-level travel time spent in this place.
 C = Inter-level travel time spent in this place.
 D = Time resting spent in this place.
 E = Time spent auto-exploring this place.
 F = Levels seen in this place.
 G = Mean time per level.
                   A        B        C        D        E       F      G
               +--------+--------+--------+--------+--------+-----+--------+
         Total | 110474 |  96708 |  13766 |  20021 |  45670 |  54 | 2045.8 |
       Dungeon |  25249 |  20969 |   4280 |   3227 |  12358 |  15 | 1683.3 |
        Temple |    136 |    123 |     13 |      0 |      0 |   1 |  136.0 |
          Lair |  11909 |  10103 |   1806 |   1129 |   5627 |   5 | 2381.8 |
         Swamp |   8923 |   8226 |    697 |   2644 |   3007 |   4 | 2230.8 |
     Snake Pit |  12600 |  11318 |   1282 |   4565 |   3799 |   4 | 3150.0 |
  Orcish Mines |   4152 |   3290 |    862 |    502 |   1560 |   2 | 2076.0 |
   Elven Halls |   8228 |   7232 |    996 |   1279 |   2916 |   3 | 2742.7 |
        Vaults |  14614 |  12778 |   1836 |   1659 |   7161 |   5 | 2922.8 |
        Depths |  10939 |   9617 |   1322 |   1735 |   4995 |   4 | 2734.8 |
           Zot |  10994 |  10324 |    670 |   3265 |   4172 |   5 | 2198.8 |
         Abyss |   2726 |   2726 |      0 |     13 |     73 |   6 |  454.3 |
               +--------+--------+--------+--------+--------+-----+--------+

Top non-repeatable levels by time:
 Snake:3: 4175 daAuts
 Snake:4: 3982 daAuts
   Elf:3: 3889 daAuts
    D:13: 3763 daAuts
    D:14: 3755 daAuts
Vaults:5: 3516 daAuts
Vaults:4: 3230 daAuts
Vaults:3: 3222 daAuts
 Snake:1: 3212 daAuts
  Lair:5: 3208 daAuts
Depths:3: 3072 daAuts
   Zot:5: 2881 daAuts
  Lair:2: 2854 daAuts
Depths:1: 2830 daAuts
 Swamp:2: 2796 daAuts
